 Dungeon Crawl Stone Soup version 0.26-a0-667-g92642533e4 (webtiles) character file.

Game seed: 6609620608382393562

217271 grandjackal the Timeless (level 18, 0/153 HPs)
             Began as a Demonspawn Gladiator on Oct 17, 2020.
             Was a High Priest of Cheibriados.
             Slain by a naga warrior
             ... wielding a cursed -2 scimitar
              (3 damage)
             ... on level 4 of the Snake Pit.
             The game lasted 00:56:03 (37323 turns).

grandjackal the Timeless (Demonspawn Gladiator)    Turns: 37323, Time: 00:56:04

Health: 0/153      AC: 19    Str: 33    XL:     18   Next: 38%
Magic:  0/31       EV: 36    Int: 27    God:    Cheibriados [*****.]
Gold:   2880       SH:  0    Dex: 29    Spells: 7/17 levels left

rFire    + + .     SeeInvis +   M - +8 triple sword (elec)
rCold    x . .     Faith    .   (shield currently unavailable)
rNeg     + + .     Spirit   +   y - +0 fire dragon scales
rPois    +         Reflect  .   (helmet unavailable)
rElec    .         Harm     .   f - scarf {repulsion}
rCorr    .         Rampage  .   b - +2 pair of gloves
MR       +....                  H - +0 pair of boots
Stlth    +.........             h - amulet "Acwuv" {Spirit rN++}
HPRegen  0.35/turn              O - ring of poison resistance
MPRegen  0.22/turn              g - +4 ring of evasion

@: agile, lethally poisoned (0 -> -1), repel missiles, very slow
A: antennae 3, slimy green scales 2, powered by pain 1, spiny 2
}: 1/15 runes: decaying
a: Bend Time, Temporal Distortion, Slouch, Step From Time, Renounce Religion


You were on level 4 of the Snake Pit.
You worshipped Cheibriados.
Cheibriados was extremely pleased with you.
You visited 6 branches of the dungeon, and saw 32 of its levels.
You also visited: Bailey, Gauntlet, Ice Cave and Volcano.

You collected 3323 gold pieces.
You spent 443 gold pieces at shops.

Inventory:

Hand Weapons
 i - the +9 falchion of Rostrerph {flame, rF++ rN+ MR- MP+9}
   (You took it off a minotaur in a Gauntlet)

   It has been specially enchanted to burn those struck by it, causing extra
   injury to most foes and up to half again as much damage against particularly
   susceptible opponents.
   Big, fiery blades are also staple armaments of hydra-hunters.
   It greatly protects you from fire.
   It protects you from negative energy.
   It affects your resistance to hostile enchantments.
   It affects your magic capacity (+9).
 M - a +8 triple sword of electrocution (weapon)
Armour
 b - a +2 pair of gloves (worn)
 f - a scarf of repulsion (worn)
 y - +0 fire dragon scales (worn)
 H - a +0 pair of boots (worn)
 Q - +0 acid dragon scales
Jewellery
 d - an uncursed ring of protection from magic
 g - a +4 ring of evasion (right hand)
 h - the amulet "Acwuv" (around neck) {Spirit rN++}
   (You found it in a Gauntlet)

   [amulet of guardian spirit]

   It causes incoming damage to be split between your health and magic.
   It greatly protects you from negative energy.
 k - a +4 ring of protection
 O - a ring of poison resistance (left hand)
 R - an uncursed ring of fire
 V - an uncursed ring of positive energy
Wands
 a - a wand of polymorph (11)
 z - a wand of digging (21)
 C - a wand of flame (114)
 F - a wand of iceblast (21)
 G - a wand of disintegration (18)
 P - a wand of acid (29)
 X - a wand of paralysis (8)
 Y - a wand of enslavement (7)
Scrolls
 c - 4 scrolls of silence
 j - a scroll of blinking
 o - 4 scrolls of fear
 p - 9 scrolls of teleportation
 q - 6 scrolls of fog
 s - 21 scrolls of remove curse
 u - 6 scrolls of magic mapping
 w - 3 scrolls of immolation
 B - a scroll of summoning
 D - 4 scrolls of amnesia
 J - 5 scrolls of enchant armour
 K - a scroll of torment
 N - 3 scrolls of vulnerability
 W - 2 scrolls of identify
Potions
 e - 6 potions of brilliance
 l - 15 potions of curing
 n - 13 potions of heal wounds
 r - 5 potions of flight
 t - a potion of magic
 v - a potion of might
 x - 5 potions of cancellation
 A - 2 potions of mutation
 E - 3 potions of resistance
 I - 5 potions of lignification
 S - 4 potions of ambrosia
 Z - 2 potions of stabbing
Miscellaneous
 L - a box of beasts (3/3)


   Skills:
 + Level 16.6 Fighting
 + Level 15.6 Long Blades
 - Level 1.7 Throwing
 - Level 9.2 Armour
 + Level 15.5 Dodging
 + Level 5.5 Summonings
 + Level 19.2 Invocations


You had 7 spell levels left.
You knew the following spells:

 Your Spells              Type           Power        Failure   Level
a - Mephitic Cloud        Conj/Pois/Air  #.......     56%         3
b - Blink                 Tloc           N/A          34%         2
c - Summon Forest         Summ/Tloc      ##........   91%         5

Your spell library contained the following spells:

 Spells                   Type           Power        Failure   Level
 Call Imp                 Summ           ####....     3%          2
 Animate Skeleton         Necr           #.....       24%         1
 Apportation              Tloc           #.....       24%         1
 Magic Dart               Conj           #...         24%         1
 Pain                     Necr           #...         24%         1
 Sting                    Tmut/Pois      #...         24%         1
 Poisonous Vapours        Pois/Air       #.....       34%         2
 Slow                     Hex            #.......     34%         2
 Conjure Flame            Conj/Fire      #.......     56%         3
 Ignite Poison            Fire/Tmut/Pois #.......     56%         3
 Lesser Beckoning         Tloc           #.........   56%         3
 Static Discharge         Conj/Air       #.......     56%         3
 Tukima's Dance           Hex            #.......     56%         3
 Vampiric Draining        Necr           #.........   56%         3
 Summon Demon             Summ           ####......   56%         5
 Summon Mana Viper        Hex/Summ       ##......     91%         5
 Animate Dead             Necr           #.........   93%         4
 Olgreb's Toxic Radiance  Pois           #.......     93%         4
 Shadow Creatures         Summ           N/A          98%         6
 Agony                    Necr           #.......     100%        5
 Alistair's Intoxication  Tmut/Pois      #........    100%        5
 Lightning Bolt           Conj/Air       #.........   100%        5
 Freezing Cloud           Conj/Ice/Air   #.........   100%        6
 Invisibility             Hex            #.......     100%        6
 Summon Hydra             Summ           ####......   100%        7
 Ignition                 Fire           #.........   100%        8
 Shatter                  Erth           #.........   100%        9
 Tornado                  Air            #.........   100%        9


Dungeon Overview and Level Annotations

Branches:
Dungeon (15/15)            Temple (1/1) D:7            Lair (6/6) D:10
  Swamp (4/4) Lair:3        Snake (4/4) Lair:3          Orc (2/2) D:10
    Elf (0/3) Orc:2        Vaults (0/5) D:14         Depths (0/5) D:15
 Bailey (visited)           IceCv (visited)         Volcano (visited)
Gauntlet (visited)
  Slime: Lair:5-6

Altars:
Ashenzari
Cheibriados
Dithmenos
Elyvilon
Fedhas
Gozag
Hepliaklqana
Kikubaaqudgha
Makhleb
Nemelex Xobeh
Okawaru
Qazlal
Ru
Sif Muna
Trog
Uskayaw
Vehumet
Wu Jian
Xom
Yredelemnul
Zin
The Shining One
Jiyva

Shops:
D:6 [   D:7 !   D:9 [   D:10 [   Orc:1 [(*   Orc:2 ((*[

Annotations:
D:11 2 runed translucent doors, Melum's ghost, journeyman DrTm
D:13 3 runed translucent doors, JolietJake's ghost, journeyman MiFi
D:14 Roxanne
Lair:1 exclusion: 2 oklob plants
Lair:5 exclusion: oklob plant
Lair:6 exclusion: oklob plant


Innate Abilities, Weirdness & Mutations

You have a pair of large antennae on your head. (SInv)
You are mostly covered in slimy green scales. (AC +3)
You sometimes gain a little power by taking damage.
You are mostly covered in sharp spines.


Message History

Cheibriados appreciates the change of pace.
The fiery explosion engulfs the naga warrior!!
The naga warrior is moderately wounded.
Cheibriados thoroughly appreciates the change of pace. x2
The naga sharpshooter gestures wildly while chanting.
The naga sharpshooter magically shoots a bolt.
The bolt hits you!
* * * LOW HITPOINT WARNING * * *
A guardian serpent comes into view.
The naga is engulfed in blazing flames.
The naga is struck by your spines. The naga completely misses you.
You riposte.
You open the naga like a pillowcase!!!
You kill the naga!
Cheibriados appreciates the change of pace.
The salamander wields a +0 shortbow of flaming.
It bursts into flame!
The salamander shoots an arrow.
The arrow completely misses you.
The naga warrior is engulfed in blazing flames.
The naga warrior hits you with a runed scimitar.
You die...

...?..## #.....................
.......## #............(........
........####............(........
......................§..........
...........^.........°........#..
....................§...(...).##.
.......).......................#.
..............)N##°..............
...............°@N○)).....)).....
..............##§§##()...........
'####........##N°§)##............
....##......##N§§§..##...........
.....#.....##N).##..N##..........
###.##....##SN.# #.N.##.........
..###....##...# #..N##.....)..
........##.SN# { { #.S.##(......
.......## ##...##.


You could see 4 naga warriors, 2 naga sharpshooters, a salamander, a shock
serpent, 2 guardian serpents, a naga mage (fast) and 2 nagas.

Vanquished Creatures
  the Lernaean hydra (Swamp:4)
  Vashnia (Snake:4)
  Nikola (Snake:2)
  Kirke (D:14)
  A thorn hunter (Swamp:3)
  2 nagarajas (Snake:4)
  The ghost of EPluribusUnum the Severer, a journeyman HOMo of Beogh (Lair:6)
  A deep elf annihilator (D:14)
  A dire elephant (D:15)
  A red draconian (Volcano)
  A minotaur (Gauntlet)
  35 hydras
  Harold (D:7)
  3 vault guards (D:14)
  A rakshasa (D:15)
  7 naga warriors
  2 catoblepae (Lair:6)
  2 shambling mangroves
  2 ghost crabs
  3 centaur warriors (D:15)
  A death knight (D:13)
  10 two-headed ogres
  4 boulder beetles
  9 anacondas
  A deep troll shaman (Lair:6)
  A queen ant (Lair:2)
  9 death yaks (Lair:6)
  13 alligators
  4 orc high priests (Orc:2)
  Urug (Lair:6)
  2 tengu warriors (D:15)
  9 naga sharpshooters
  10 shock serpents
  A deep elf knight (D:14)
  2 salamander mystics (Snake:3)
  A fire crab (Lair:6)
  A wizard (D:14)
  2 deep elf archers (D:14)
  Pikel (D:4)
  10 swamp dragons
  3 spriggan druids
  5 naga ritualists
  2 lindwurms (Lair:6)
  10 orc knights
  A wolf spider (D:15)
  11 mana vipers
  6 orc sorcerers
  A wolf spider zombie (D:14)
  4 deep elf magi
  3 manticores
  9 salamanders
  10 ugly things
  3 cyclopes
  6 elephants
  A guardian serpent (Snake:3)
  34 black mambas
  9 naga magi
  A torpor snail (Lair:6)
  2 gargoyles
  17 cane toads
  3 minotaur zombies (Gauntlet)
  2 rime drakes
  A hellion (Gauntlet)
  2 kobold demonologists (D:14)
  12 komodo dragons
  2 tengu conjurers (D:13)
  2 polar bears (Lair:6)
  8 trolls
  9 tyrant leeches
  A raiju (shapeshifter) (D:15)
  16 slime creatures
  4 hornets
  14 bog bodies
  17 blink frogs
  5 dream sheep (Lair:4)
  A meliai zombie (D:13)
  4 flying skulls (Gauntlet)
  3 shadows
  8 basilisks
  A wraith (D:11)
  A water elemental (D:11)
  3 wyverns
  8 humans (D:14)
  56 yaks
  2 hogs (D:14)
  2 chaos spawn (Gauntlet)
  A neqoxec (Gauntlet)
  16 vampire mosquitoes
  4 wargs
  17 swamp worms
  47 nagas
  Menkaure (D:7)
  6 soldier ants (Lair:2)
  19 insubstantial wisps
  6 acid dragons
  A hell hound (Gauntlet)
  13 water moccasins
  30 orc warriors
  11 ice beasts
  3 sky beasts
  15 swamp drakes
  3 black bears
  3 phantoms
  15 ogres
  2 necrophages
  32 wolves
  10 centaurs
  4 big kobolds
  24 bullfrogs
  A gnoll sergeant (D:9)
  A wyvern zombie (D:12)
  4 scorpions
  6 jellies
  11 wights
  13 killer bees
  5 electric eels
  4 howler monkeys
  A vampire bat (D:2)
  A bullfrog zombie (D:13)
  2 centaur zombies
  11 hounds
  A quasit (D:10)
  4 bullfrog skeletons
  3 centaur skeletons
  20 orc priests
  5 iguanas
  31 orc wizards
  25 worker ants
  2 hell rats (Lair:6)
  A killer bee zombie (D:8)
  A hound skeleton (D:10)
  A killer bee simulacrum (D:8)
  A howler monkey zombie (D:8)
  A worker ant zombie (D:9)
  A howler monkey skeleton (D:9)
  19 adders
  8 gnolls (D:9)
  5 river rats (Lair:6)
  A shadow imp (D:8)
  3 white imps
  5 ufetubi
  3 adder zombies
  2 worms (D:4)
  2 dart slugs (D:2)
  4 leopard geckos
  76 orcs
  4 bat skeletons (D:2)
  A bat zombie (D:2)
  5 giant cockroaches
  6 goblins
  7 hobgoblins
  8 jackals
  26 kobolds
  9 quokkas
  3 ball pythons
  8 bats
  4 frilled lizards
  2 leopard gecko skeletons
  14 rats
1150 creatures vanquished.

Vanquished Creatures (others)
  A salamander (Snake:2)
  3 humans (D:14)
  An acid dragon (D:11)
  2 orcs (Orc:1)
  29 fungi
  53 plants
89 creatures vanquished.

Grand Total: 1239 creatures vanquished

Notes
Turn   | Place    | Note
-------+----------+-------------------------------------------
     0 | D:1      | grandjackal the Demonspawn Gladiator began the quest for
                  | the Orb.
     0 | D:1      | Reached XP level 1. HP: 16/16 MP: 1/1
    65 | D:1      | Gained mutation: You are partially covered in slimy green
                  | scales. (AC +2) [demonic ancestry]
    65 | D:1      | Reached XP level 2. HP: 11/22 MP: 2/2
   711 | D:1      | Gained mutation: You are mostly covered in slimy green
                  | scales. (AC +3) [demonic ancestry]
   711 | D:1      | Reached XP level 3. HP: 28/28 MP: 3/3
   826 | D:1      | Found a glowing golden altar of the Shining One.
  1126 | D:2      | Found a sacrificial altar of Ru.
  1168 | D:2      | Reached XP level 4. HP: 28/34 MP: 4/4
  1410 | D:2      | Found an iron altar of Okawaru.
  1742 | D:2      | Found an ancient bone altar of Kikubaaqudgha.
  1752 | D:2      | Gained mutation: You sometimes gain a little power by
                  | taking damage. [demonic ancestry]
  1752 | D:2      | Reached XP level 5. HP: 35/41 MP: 5/5
  2068 | D:3      | Found a broken altar of Ashenzari.
  2979 | D:4      | Reached XP level 6. HP: 34/48 MP: 6/6
  3120 | D:4      | Noticed Pikel
  3155 | D:4      | Killed Pikel
  3155 | D:4      | Reached skill level 5 in Fighting
  3155 | D:4      | Reached skill level 5 in Long Blades
  3155 | D:4      | Reached skill level 5 in Dodging
  3155 | D:4      | Gained mutation: You are partially covered in sharp spines.
                  | [demonic ancestry]
  3155 | D:4      | Reached XP level 7. HP: 24/56 MP: 7/7
  3480 | D:4      | Gained mutation: You have a pair of small antennae on your
                  | head. [demonic ancestry]
  3480 | D:4      | Reached XP level 8. HP: 31/63 MP: 8/8
  4228 | D:5      | Entered Level 5 of the Dungeon
  5237 | D:6      | Found Isur's Antique Armour Shoppe.
  5259 | D:6      | Gained mutation: You have a pair of antennae on your head.
                  | [demonic ancestry]
  5259 | D:6      | Reached XP level 9. HP: 69/72 MP: 9/9
  5527 | D:7      | Found a radiant altar of Vehumet.
  5547 | D:7      | Found a staircase to the Ecumenical Temple.
  5555 | Temple   | Entered the Ecumenical Temple
  5801 | Temple   | Became a worshipper of Cheibriados the Contemplative
  5918 | D:7      | Reached skill level 1 in Invocations
  6174 | D:7      | Noticed Menkaure
  6175 | D:7      | Noticed Harold
  6186 | D:7      | Killed Menkaure
  6186 | D:7      | Reached skill level 2 in Invocations
  6199 | D:7      | Killed Harold
  6199 | D:7      | Reached * piety under Cheibriados
  6199 | D:7      | Reached skill level 3 in Invocations
  6802 | D:7      | Found Losash's Distillery.
  6808 | D:7      | Bought a potion of lignification for 39 gold pieces
  6808 | D:7      | Bought a potion of heal wounds for 65 gold pieces
  6808 | D:7      | Bought a potion of degeneration for 13 gold pieces
  6808 | D:7      | Bought a potion of curing for 39 gold pieces
  6808 | D:7      | Bought a potion of flight for 39 gold pieces
  6808 | D:7      | Bought a potion of invisibility for 104 gold pieces
  6981 | D:8      | Reached skill level 4 in Invocations
  7173 | D:8      | Noticed a two-headed ogre
  7184 | D:8      | Killed a two-headed ogre
  7184 | D:8      | Reached skill level 5 in Invocations
  7184 | D:8      | Reached XP level 10. HP: 47/81 MP: 9/14
  7443 | D:8      | Reached ** piety under Cheibriados
  7856 | D:8      | Reached *** piety under Cheibriados
  8181 | D:9      | Reached skill level 6 in Invocations
  8360 | D:9      | Found Emiseon's Antique Armour Emporium.
  8441 | D:9      | Reached **** piety under Cheibriados
  8801 | D:9      | Reached skill level 7 in Invocations
  9409 | D:10     | Entered Level 10 of the Dungeon
  9479 | D:10     | Noticed Sonja
  9480 | D:10     | Noticed Sonja
  9480 | D:10     | Sonja changed into Sonja the wyvern
  9485 | D:10     | Killed Sonja the wyvern
  9511 | D:10     | Reached ***** piety under Cheibriados
  9517 | D:10     | Noticed a deep elf mage
  9534 | D:10     | Killed a deep elf mage
  9534 | D:10     | Reached XP level 11. HP: 44/89 MP: 16/16
  9553 | D:10     | Found a staircase to the Orcish Mines.
  9589 | D:10     | Noticed a two-headed ogre
  9594 | D:10     | Killed a two-headed ogre
  9594 | D:10     | Reached skill level 8 in Invocations
  9771 | D:10     | Found a flagged portal.
  9780 | Bailey   | Entered a bailey
 10368 | Bailey   | Noticed an orc knight
 10383 | Bailey   | Killed an orc knight
 10393 | Bailey   | Got an ancient scimitar
 10394 | Bailey   | Identified the +2 scimitar of Peace {vorpal, +Rage} (You
                  | found it in a bailey)
 10856 | D:10     | Found a staircase to the Lair.
 10866 | D:10     | Found Ivai's Antique Armour Boutique.
 11157 | D:11     | Reached skill level 9 in Invocations
 11267 | D:11     | Reached ****** piety under Cheibriados
 11269 | D:11     | Reached skill level 10 in Fighting
 11278 | D:11     | Learned a level 3 spell: Mephitic Cloud
 11308 | D:11     | Noticed a boulder beetle
 11318 | D:11     | Noticed a five-headed hydra
 11318 | D:11     | a boulder beetle changed into a five-headed hydra
 11324 | D:11     | Killed a five-headed hydra
 11620 | D:11     | Found a transporter.
 11638 | D:11     | Found a transporter.
 11916 | D:11     | Found a large runed translucent door.
 11916 | D:11     | Found a large runed translucent door.
 11918 | D:11     | Noticed Melum's ghost (journeyman DrTm)
 12186 | D:11     | Identified a scroll of acquirement
 12243 | D:12     | Noticed a two-headed ogre
 12254 | D:12     | Killed a two-headed ogre
 12254 | D:12     | Reached skill level 10 in Long Blades
 12254 | D:12     | Reached skill level 10 in Dodging
 12254 | D:12     | Reached skill level 10 in Invocations
 12297 | D:12     | Noticed a green ugly thing
 12306 | D:12     | Killed a green ugly thing
 12336 | D:12     | Gained mutation: You are mostly covered in sharp spines.
                  | [demonic ancestry]
 12336 | D:12     | Reached XP level 12. HP: 53/99 MP: 19/19
 12678 | D:12     | Found a viscous altar of Jiyva.
 12771 | D:12     | Noticed a boulder beetle
 12783 | D:12     | Killed a boulder beetle
 13388 | Orc:1    | Entered Level 1 of the Orcish Mines
 13434 | Orc:1    | Reached skill level 1 in Armour
 13435 | Orc:1    | Noticed a two-headed ogre
 13438 | Orc:1    | Killed a two-headed ogre
 13438 | Orc:1    | Reached skill level 11 in Invocations
 13496 | Orc:1    | Found a dark tunnel.
 13657 | Volcano  | Entered a volcano
 13659 | Volcano  | Noticed a two-headed ogre
 13663 | Volcano  | Noticed a two-headed ogre
 13666 | Volcano  | Killed a two-headed ogre
 13671 | Volcano  | Killed a two-headed ogre
 13674 | Volcano  | Noticed a two-headed ogre
 13675 | Volcano  | Noticed a two-headed ogre
 13677 | Volcano  | Noticed a red draconian
 13679 | Volcano  | Killed a two-headed ogre
 13688 | Volcano  | Killed a red draconian
 13690 | Volcano  | Killed a two-headed ogre
 14112 | Orc:1    | Found Ynwueff's Antique Weapon Shoppe.
 14179 | Orc:2    | Entered Level 2 of the Orcish Mines
 14461 | Orc:1    | Found Tackek Ystat's Armour Shoppe.
 14552 | Orc:2    | Found a staircase to the Elven Halls.
 14609 | Orc:2    | Noticed Nessos
 14611 | Orc:2    | Noticed Nessos
 14611 | Orc:2    | Nessos changed into Nessos the shock serpent
 14615 | Orc:2    | Killed Nessos the shock serpent
 14896 | Orc:2    | Noticed an orc high priest
 14907 | Orc:2    | Killed an orc high priest
 14907 | Orc:2    | Reached skill level 12 in Invocations
 14907 | Orc:2    | Reached XP level 13. HP: 63/107 MP: 16/22
 15127 | Orc:2    | Acquired a +3 triple sword of electrocution
 15267 | Orc:2    | Found Fenaecu's Armour Boutique.
 15317 | Orc:2    | Paralysed by an orc sorcerer for 6 turns
 15746 | Orc:2    | Reached skill level 5 in Armour
 16065 | Orc:2    | Found Simig's General Store.
 16066 | Orc:2    | Found Dufiziaz's Weapon Emporium.
 16066 | Orc:2    | Found Fiaruetorgh's Weapon Emporium.
 16220 | Orc:2    | Bought a scroll of noise for 17 gold pieces
 16220 | Orc:2    | Bought a scroll of silence for 127 gold pieces
 16356 | Orc:1    | Found Oriduf's General Store.
 16557 | Lair:1   | Entered Level 1 of the Lair of Beasts
 16667 | Lair:1   | Reached skill level 13 in Invocations
 17087 | Lair:1   | Identified the Handbook of Toxic Displacement
 17747 | Lair:2   | Found a gate leading to a gauntlet.
 17758 | Gauntlet | Entered a Gauntlet
 17758 | Gauntlet | Found a transporter.
 17758 | Gauntlet | Found a large runed translucent door.
 17758 | Gauntlet | Found a large runed translucent door.
 17758 | Gauntlet | Found a large runed translucent door.
 17758 | Gauntlet | Found a large runed translucent door.
 17758 | Gauntlet | Found a runed translucent door.
 17758 | Gauntlet | Found a runed translucent door.
 17758 | Gauntlet | Found a large runed translucent door.
 17758 | Gauntlet | Found a large runed translucent door.
 17758 | Gauntlet | Found a large runed translucent door.
 17758 | Gauntlet | Found a large runed translucent door.
 17758 | Gauntlet | Found a large runed translucent door.
 17758 | Gauntlet | Found a large runed translucent door.
 17759 | Gauntlet | Found a large runed translucent door.
 17759 | Gauntlet | Found a large runed translucent door.
 17760 | Gauntlet | Found a large runed translucent door.
 17760 | Gauntlet | Found a large runed translucent door.
 17760 | Gauntlet | Found a large runed translucent door.
 17760 | Gauntlet | Found a large runed translucent door.
 17764 | Gauntlet | Found a runed translucent gate.
 17764 | Gauntlet | Found a runed translucent gate.
 17764 | Gauntlet | Found a runed translucent gate.
 17766 | Gauntlet | Found a transporter.
 17768 | Gauntlet | Found a transporter.
 17770 | Gauntlet | Found a transporter.
 17790 | Gauntlet | Found a transporter.
 17804 | Gauntlet | Found a transporter.
 17809 | Gauntlet | Found a transporter.
 17829 | Gauntlet | Found a transporter.
 17844 | Gauntlet | Found a transporter.
 17856 | Gauntlet | Found a transporter.
 17868 | Gauntlet | Found a transporter.
 17880 | Gauntlet | Found a transporter.
 17892 | Gauntlet | Found a transporter.
 17909 | Gauntlet | Found a transporter.
 17927 | Gauntlet | Found a transporter.
 17929 | Gauntlet | Found a transporter.
 17959 | Gauntlet | Found a transporter.
 17961 | Gauntlet | Found a transporter.
 18034 | Gauntlet | Got a scintillating copper amulet
 18285 | Gauntlet | Identified the +9 falchion of Rostrerph {flame, rF++ rN+
                  | MR- MP+9}
 18285 | Gauntlet | Noticed a minotaur
 18286 | Gauntlet | Found the +10 morningstar "Eos" {elec, Halo rElec}
 18300 | Gauntlet | Killed a minotaur
 18931 | Lair:2   | Got a scorched scale mail
 19075 | Lair:2   | Reached XP level 14. HP: 88/116 MP: 24/24
 19538 | Lair:3   | Identified the amulet "Acwuv" {Spirit rN++} (You found it
                  | in a Gauntlet)
 19684 | Lair:3   | Found a staircase to the Snake Pit.
 19704 | Lair:3   | Found a staircase to the Swamp.
 20144 | Lair:3   | Reached skill level 14 in Invocations
 20773 | Lair:4   | Identified the cursed +0 scale mail "Nulo" {rF+} (You found
                  | it on level 2 of the Lair of Beasts)
 22366 | Lair:6   | Entered Level 6 of the Lair of Beasts
 22366 | Lair:6   | Noticed Urug
 22377 | Lair:6   | Killed Urug
 23047 | Lair:6   | Reached skill level 15 in Invocations
 23339 | Lair:6   | Noticed EPluribusUnum's ghost (journeyman HOMo)
 23349 | Lair:6   | Found a transporter.
 23353 | Lair:6   | Got a distressingly furry ring mail
 23358 | Lair:6   | Found a transporter.
 23481 | Lair:6   | Reached XP level 15. HP: 78/125 MP: 22/26
 23488 | Lair:6   | HP: 2/125 [boulder beetle (17)]
 23860 | Lair:6   | Killed EPluribusUnum's ghost
 25212 | D:13     | Identified the +1 ring mail of Doffoc {MP+9 Int+6 Slay+2}
                  | (You found it on level 6 of the Lair of Beasts)
 25295 | D:13     | Found a runed translucent gate.
 25296 | D:13     | Found a runed translucent gate.
 25297 | D:13     | Found a runed translucent gate.
 25299 | D:13     | Noticed JolietJake's ghost (journeyman MiFi)
 25873 | D:14     | Noticed Kirke
 26043 | D:14     | Killed Kirke
 26110 | D:14     | Reached skill level 16 in Invocations
 26122 | D:14     | Noticed Roxanne
 26130 | D:14     | Found a frozen archway.
 26159 | IceCv    | Entered an ice cave
 26172 | IceCv    | Found a transporter.
 26696 | D:14     | Found a large runed translucent door.
 26697 | D:14     | Found a large runed translucent door.
 26724 | D:14     | Found an iron altar of Okawaru.
 26724 | D:14     | Found an iron altar of Okawaru.
 27239 | D:14     | Found a gate to the Vaults.
 27352 | D:15     | Entered Level 15 of the Dungeon
 27493 | D:15     | Reached XP level 16. HP: 115/134 MP: 24/28
 27689 | D:15     | Found a staircase to the Depths.
 28543 | Swamp:1  | Entered Level 1 of the Swamp
 28792 | Swamp:1  | Reached skill level 15 in Fighting
 29095 | Swamp:1  | Reached skill level 17 in Invocations
 30489 | Swamp:2  | You fall into a shaft and drop 1 floor!
 31710 | Swamp:4  | Entered Level 4 of the Swamp
 31710 | Swamp:4  | Noticed a thorn hunter
 31887 | Swamp:3  | Killed a thorn hunter
 32161 | Swamp:4  | Reached XP level 17. HP: 98/142 MP: 25/29
 32500 | Swamp:4  | Got a decaying rune of Zot
 32527 | Swamp:4  | Reached skill level 18 in Invocations
 32662 | Swamp:4  | Noticed the 27-headed Lernaean hydra
 32673 | Swamp:4  | Killed the 22-headed Lernaean hydra
 33167 | Swamp:4  | Learned a level 2 spell: Blink
 33173 | Swamp:4  | Learned a level 5 spell: Summon Forest
 33298 | Snake:1  | Entered Level 1 of the Snake Pit
 33307 | Snake:1  | Reached skill level 15 in Long Blades
 33317 | Snake:1  | Reached skill level 1 in Summonings
 33687 | Snake:1  | Found an opulent altar of Gozag.
 34440 | Snake:2  | Noticed Nikola
 34452 | Snake:2  | Killed Nikola
 35276 | Snake:3  | Reached skill level 15 in Dodging
 35958 | Snake:3  | Gained mutation: You have a pair of large antennae on your
                  | head. (SInv) [demonic ancestry]
 35958 | Snake:3  | Reached XP level 18. HP: 85/152 MP: 27/31
 36447 | Snake:4  | Entered Level 4 of the Snake Pit
 36793 | Snake:4  | Reached skill level 19 in Invocations
 37305 | Snake:4  | Noticed Vashnia
 37309 | Snake:4  | Reached skill level 5 in Summonings
 37323 | Snake:4  | Killed Vashnia
 37323 | Snake:4  | HP: 3/153 [naga sharpshooter/bolt (8)]
 37323 | Snake:4  | Slain by a naga warrior

Illustrated notes

Levels and vault maps discovered:
D:1:      psy_arrival_conway, layout_loops_ring, tso_metal_star
D:2:      layout_loops_ring, kennysheep_vampire_church, marbit_many_paths,
          okawaru_metal_pillars_1_2
D:3:      layout_loops_ring, nicolae_ashenzari_panopticon, serial_bayou_lagoon_b
D:4:      minmay_door_path, layout_loops_ring, uniq_pikel
D:5:      layout_basic
D:6:      layout_cave_pools, serial_shops, nicolae_shop_overgrown_old_shop,
          minmay_misc_feat_enclosed, hangedman_abyss_or_decor_stabs
D:7:      layout_loops_ring, vehumet_altar_wand_db, temple_doors_e,
          serial_shops, shop, uniq_menkaure, uniq_harold
D:8:      layout_gridville, serial_ice, serial_ice_h, serial_ice_k,
          serial_ice_g, serial_ice_a
D:9:      layout_basic, serial_shops, kennysheep_little_box
D:10:     layout_gridville, lair_entry_dummy, orc_0_dummy, serial_shops, shop,
          enter_bailey_2, uniq_sonja
D:11:     gammafunk_cloud_chamber, layout_basic, ebering_ghost_disaster_area,
          lemuel_flamethrower_1
D:12:     layout_loops_ring, jiyva_altar_1
D:13:     layout_roguey, gammafunk_ghost_spectres
D:14:     okawaru_arena_lexackson, layout_rooms, ximxim_vaults_locker_room,
          portal_ice_cave_entry_pillars_1, uniq_kirke, uniq_roxanne
D:15:     hangedman_depths_entry_try_elsewhere_first, layout_stronghold
Temple:   eino_narrow_crystal_temple
Lair:1:   layout_cave_pods, serial_bayou_shore_a, minmay_lair_oklob_chamber,
          infiniplex_staircase_pool
Lair:2:   layout_misc_corridors, gauntlet_entry_generic, zaba_antful_of_joy
Lair:3:   layout_cave_pods, minmay_swamp_entry_wisps,
          minmay_snake_entry_guardpost_medium, kennysheep_basilisk_garden
Lair:4:   layout_regular_city
Lair:5:   layout_hall_layers, serial_bayou_shore_b, grunt_megastairs_3
Lair:6:   grunt_lair_end_beastmaster, layout_cave_pods,
          minmay_slime_entry_oklob_enclosed, gammafunk_ghost_arena,
          chequers_serial_rivers_micro_d, kennysheep_abandoned_house, uniq_urug
Swamp:1:  layout_basic_swamp, evilmike_swamp_ruin_house_3
Swamp:2:  layout_basic_swamp, nicolae_swamp_treefoil
Swamp:3:  layout_basic_swamp, hangedman_swamp_ruin_hall, swamp_pool3
Swamp:4:  swamp_basic_johnstein, layout_basic_swamp
Snake:1:  cheibrodos_forgotten_conduit, layout_cave_shapes, basic_altar
Snake:2:  layout_onion_interference, grunt_megastairs_1, uniq_nikola
Snake:3:  layout_basic
Snake:4:  johnstein_snake_rune_scales, layout_cave_town
Orc:1:    layout_diamond_mine, serial_shops, shop, shop, shop, enter_volcano_4
Orc:2:    st_orc_elflike, layout_caves, uniq_nessos

Skill      XL: |  1  2  3  4  5  6  7  8  9 10 11 12 13 14 15 16 17 18 |
---------------+-------------------------------------------------------+-----
Dodging        | 3 4 5 6 8 10 11 13 15 | 15.5
Long Blades    | 3 4 5 6 8 9 10 11 12 13 14 15 | 15.6
Fighting       | 3 5 7 8 9 10 11 12 13 14 15 16 | 16.6
Invocations    | 5 7 10 12 13 15 16 17 18 19 | 19.2
Armour         | 4 6 8 9 |  9.2
Summonings     | 4 5 |  5.5
Throwing       | |  1.7

Action                   |  1- 3 |  4- 6 |  7- 9 | 10-12 | 13-15 | 16-18 || total
-------------------------+-------+-------+-------+-------+-------+-------++-------
Melee: Long sword        |   114 |   177 |   268 |       |       |       ||   559
       Scimitar          |       |       |     9 |   464 |     7 |       ||   480
       Triple sword      |       |       |       |       |   620 |   463 ||  1083
       Falchion          |       |       |       |       |    45 |   171 ||   216
Throw: Throwing net      |       |       |     2 |       |     2 |       ||     4
Invok: Bend Time         |       |       |     1 |       |     2 |     1 ||     4
       Slouch            |       |       |       |     4 |     7 |     7 ||    18
       Temporal Distorti |       |       |       |     2 |     1 |     1 ||     4
Evoke: Wand              |       |       |     2 |    26 |     3 |     4 ||    35
       Box of beasts     |       |       |       |     3 |       |     1 ||     4
  Use: Scroll            |       |       |       |    17 |    21 |     6 ||    44
       Potion            |       |       |       |     4 |     3 |     2 ||     9
 Stab: Invisible         |       |       |       |    12 |       |     3 ||    15
       Held in net/web   |       |       |       |       |     1 |       ||     1
       Petrified         |       |       |       |       |     9 |       ||     9
       Distracted        |       |       |       |       |       |     2 ||     2
       Confused          |       |       |       |       |       |     2 ||     2
       Sleeping          |       |       |       |       |       |     3 ||     3
Armor: Leather armour    |    20 |       |       |       |       |       ||    20
       Ring mail         |    38 |    92 |     9 |       |       |       ||   139
       Fire dragon scale |       |       |   104 |   143 |   352 |    27 ||   626
       Acid dragon scale |       |       |       |       |    20 |   197 ||   217
Dodge: Dodged            |    86 |   139 |   170 |   532 |   973 |  1454 ||  3354
       Repelled          |       |       |       |       |    12 |    25 ||    37
       Rpst.: Long sword |    28 |    45 |    49 |       |       |       ||   122
       Scimitar          |       |       |       |   136 |     2 |       ||   138
       Triple sword      |       |       |       |       |   216 |   190 ||   406
       Falchion          |       |       |       |       |     3 |    55 ||    58

Table legend: (Time is in decaauts)
 A = Elapsed time spent in this place.
 B = Non-inter-level travel time spent in this place.
 C = Inter-level travel time spent in this place.
 D = Time resting spent in this place.
 E = Time spent auto-exploring this place.
 F = Levels seen in this place.
 G = Mean time per level.
                   A        B        C        D        E       F      G
               +--------+--------+--------+--------+--------+-----+--------+
         Total |  52541 |  50142 |   2399 |   9826 |  30634 |  36 | 1459.5 |
       Dungeon |  20293 |  19296 |    997 |   3425 |  12339 |  15 | 1352.9 |
        Temple |    256 |    233 |     23 |      0 |    225 |   1 |  256.0 |
          Lair |  11965 |  11271 |    694 |   1717 |   8069 |   6 | 1994.2 |
         Swamp |   7014 |   6599 |    415 |   1063 |   4313 |   4 | 1753.5 |
     Snake Pit |   6115 |   6070 |     45 |    656 |   3916 |   4 | 1528.8 |
  Orcish Mines |   4215 |   3990 |    225 |   1520 |   1771 |   2 | 2107.5 |
        Bailey |   1049 |   1049 |      0 |    653 |      0 |   1 | 1049.0 |
      Ice Cave |    172 |    172 |      0 |    118 |      0 |   1 |  172.0 |
       Volcano |     74 |     74 |      0 |     17 |      0 |   1 |   74.0 |
      Gauntlet |   1384 |   1384 |      0 |    657 |      0 |   1 | 1384.0 |
               +--------+--------+--------+--------+--------+-----+--------+

Top non-repeatable levels by time:
  Lair:6: 2706 daAuts
   Orc:2: 2667 daAuts
  Lair:5: 2293 daAuts
  Lair:1: 2071 daAuts
 Snake:1: 2009 daAuts
 Swamp:3: 2005 daAuts
    D:14: 1942 daAuts
    D:11: 1941 daAuts
 Swamp:1: 1896 daAuts
  Lair:3: 1828 daAuts
 Snake:3: 1828 daAuts
  Lair:4: 1731 daAuts
    D:15: 1688 daAuts
    D:12: 1681 daAuts
     D:9: 1611 daAuts
